 Dungeon Crawl Stone Soup version 0.30-a0-218-gedb9141078 (webtiles) character file.

Game seed: 17181181310678097626

60636 Johnny the Gelid (level 15, -10/106 (107) HPs)
             Began as an Octopode Ice Elementalist on Oct 5, 2022.
             Was an Initiate of Gozag.
             Killed from afar by Jorgrun (47 damage)
             ... with an iron shot
             ... on level 2 of the Orcish Mines.
             The game lasted 00:29:40 (20867 turns).

Johnny the Gelid (Octopode Ice Elementalist)       Turns: 20867, Time: 00:29:41

HP:   -10/106 (107) AC:  5    Str: 14    XL:     15   Next: 0%
MP:   5/30          EV: 17    Int: 24    God:    Gozag
Gold: 2685          SH:  7    Dex: 19    Spells: 23/37 levels left

rFire   . . .      SeeInvis .    E - +5 short sword (elec)
rCold   + . .      Faith    .    M - +1 buckler {reflect}
rNeg    . . .      Spirit   .    (helmet restricted)
rPois   .          Reflect  +    V - amulet of regeneration
rElec   .          Harm     .    l - ring of protection from fire
rCorr   .          Rampage  .    m - ring of ice
Will    +....                    y - +4 ring of protection
Stlth   ++++++....               d - +6 ring of strength
HPRegen 1.17/turn                T - +6 ring of dexterity
MPRegen 0.22/turn                (no ring)
                                 (no ring)
                                 (no ring)

@: gold aura, lightly drained
A: almost no armour, amphibious, 8 rings, camouflage 1, gelatinous body 1,
(nimble swimmer 1), tentacles
a: Renounce Religion, Potion Petition, Call Merchant, Bribe Branch


You were on level 2 of the Orcish Mines.
You worshipped Gozag.
Gozag was most pleased with you.
You visited 4 branches of the dungeon, and saw 20 of its levels.
You also visited: Volcano.

You collected 5161 gold pieces.
You spent 842 gold pieces at shops.
You paid 1634 gold pieces to Gozag.

Inventory:

Hand Weapons
 j - a +1 dagger of venom
 E - a +5 short sword of electrocution (weapon)
Missiles
 P - a throwing net
Armour
 M - a +1 buckler of reflection (worn)
Jewellery
 d - a +6 ring of strength (on tentacle)
 l - a ring of protection from fire (left tentacle)
 m - a ring of ice (right tentacle)
 u - an amulet of reflection
 y - a +4 ring of protection (on tentacle)
 A - an amulet of faith
 T - a +6 ring of dexterity (on tentacle)
 V - an amulet of regeneration (around mantle)
Wands
 v - a wand of flame (5)
 G - a wand of paralysis (3)
 H - a wand of iceblast (3)
 L - a wand of acid (2)
 Q - a wand of polymorph (3)
Scrolls
 e - 4 scrolls of fog
 g - 3 scrolls of immolation
 h - 5 scrolls of poison
 k - 2 scrolls of amnesia
 n - 10 scrolls of teleportation
 p - 2 scrolls of fear
 t - 6 scrolls of magic mapping
 z - 2 scrolls of torment
 C - 3 scrolls of enchant armour
 F - 3 scrolls of noise
 K - 2 scrolls of silence {unknown}
 N - a scroll of summoning
 O - a scroll of blinking
 S - a scroll of vulnerability
Potions
 a - 2 potions of magic
 b - 4 potions of haste
 c - 11 potions of might {unknown}
 f - 6 potions of degeneration
 i - 3 potions of invisibility {unknown}
 o - 4 potions of attraction {unknown}
 q - 7 potions of heal wounds
 r - 4 potions of berserk rage {unknown}
 s - 3 potions of resistance {unknown}
 w - 2 potions of mutation {unknown}
 x - 10 potions of curing {unknown}
 B - 5 potions of brilliance {unknown}
 D - 2 potions of cancellation {unknown}
 I - a potion of ambrosia {unknown}
 J - a potion of lignification {unknown}
 R - a potion of flight {unknown}


   Skills:
 + Level 11.4 Fighting
 - Level 7.7 Dodging
 - Level 11.0 Stealth
 + Level 6.1 Shields
 + Level 11.8 Spellcasting
 * Level 16.4 Ice Magic


You had 23 spell levels left.
You knew the following spells:

 Your Spells              Type           Power      Damage    Failure   Level
a - Freeze                Ice            100%       1d11      0%          1
b - Frozen Ramparts       Ice            100%       1d16      1%          3
c - Ozocubu's Armour      Ice            96%        N/A       1%          3
d - Ozocubu's Refrigerat  Ice            48%        4d18      5%          7

Your spell library contained the following spells:

 Spells                   Type           Power      Damage    Failure   Level
 Summon Ice Beast         Ice/Summ       69%        N/A       1%          4
 Necrotise                Necr           56%        1d6       5%          1
 Summon Small Mammal      Summ           56%        N/A       5%          1
 Sublimation of Blood     Necr           14%        N/A       9%          2
 Wereblood                Tmut           14%        N/A       9%          2
 Call Canine Familiar     Summ           14%        N/A       17%         3
 Summon Guardian Golem    Hex/Summ       14%        N/A       17%         3
 Vampiric Draining        Necr           14%        2d7       17%         3
 Agony                    Necr           14%        N/A       83%         5
 Fireball                 Conj/Fire      7%         3d5       83%         5
 Iskenderun's Battlesphe  Conj           14%        2d7       83%         5
 Conjure Ball Lightning   Conj/Air       7%         3x3d6     100%        6
 Orb of Destruction       Conj           7%         9d6       100%        7
 Summon Hydra             Summ           7%         N/A       100%        7


Dungeon Overview and Level Annotations

Branches:
Dungeon (12/15)            Temple (1/1) D:7            Lair (5/5) D:8
 Shoals (0/4) Lair:2        Snake (0/4) Lair:2        Slime (0/5) Lair:4
    Orc (2/2) D:12        Volcano (visited)
    Elf: Orc:2

Altars:
Ashenzari
Cheibriados
Dithmenos
Elyvilon
Fedhas
Gozag
Hepliaklqana
Kikubaaqudgha
Makhleb
Nemelex Xobeh
Okawaru
Qazlal
Ru
Sif Muna
Trog
Uskayaw
Vehumet
Wu Jian
Xom
Yredelemnul
Zin
The Shining One
Jiyva

Shops:
D:4 (   D:9 :   D:10 *   Lair:2 *

Annotations:
D:4 2 transporters, stil's ghost, amateur DEHu
Lair:1 exclusion: 3 oklob plants
Lair:5 2 runed translucent doors
Orc:2 Jorgrun; Urug


Innate Abilities, Weirdness & Mutations

You cannot wear most types of armour.
You are amphibious.
You can wear up to eight rings at the same time.
Your skin changes colour to match your surroundings (Stealth+).
Your rubbery body absorbs attacks. (AC +1, EV +1)
((You are camouflaged when in or above water. (Stealth+)))
You have tentacles for arms and can constrict up to eight enemies at once.


Message History

Jorgrun points at you and mumbles some strange words.
The iron shot hits you!!!
Urug is distracted by your dazzling golden aura.
Jorgrun hits you with a +0 vorpal quarterstaff!
Jorgrun hits you with a +0 vorpal quarterstaff!!
An orc wizard comes into view. It is wielding a +0 dagger.
Urug shouts!
You turn to flesh and can move again.
Unknown command.
Unknown command.
Unknown command.
Unknown command.
Unknown command.
Unknown command.
Unknown command.
Unknown command.
Unknown command.
Unknown command.
Unknown command.
Unknown command.
Unknown command.
Unknown command.
Unknown command.
Unknown command.
Unknown command.
Unknown command.
Unknown command.
Unknown command.
Casting: Ozocubu's Refrigeration (dangerous; 5% risk of failure)
Confirm with . or Enter, or press ? or * to list all spells.
You feel a surge of power!
The heat is drained from your surroundings.
You kill the orc wizard!
Jorgrun is almost dead.
Urug is no longer distracted by gold.
Urug is moderately wounded.
Jorgrun gestures at you while chanting. The iron shot hits you!!!
You die...
Your body crumbles into a pile of gold.

...... ...#...
..... ...#...
#....#.......
#........$...
#............
#............
#............
+###....@g..o...
.$..............
###.........#..
#............
#............
#..........##
######...........#
................##
.......)..##..###


You could see Jorgrun and Urug.

Vanquished Creatures
  7 hydras
  Erica (D:10)
  A catoblepas (Lair:5)
  3 boulder beetles
  4 death yaks (Lair:2)
  2 two-headed ogres
  A deep elf knight (D:12)
  A fire crab (Lair:5)
  2 lindwurms
  A deep elf archer (Volcano)
  6 deep elf pyromancers (Volcano)
  2 orc sorcerers (Orc:1)
  A cyclops (D:12)
  2 manticores (D:12)
  A merfolk siren (Lair:2)
  6 elephants
  8 black mambas
  2 molten gargoyles (Lair:5)
  11 cane toads
  A torpor snail (Lair:3)
  2 gargoyles
  9 komodo dragons
  7 rime drakes
  A polar bear (Lair:3)
  3 merfolk (Lair:2)
  3 slime creatures (D:12)
  4 trolls
  25 blink frogs
  A vampire (D:12)
  A shadow (D:12)
  3 spriggans (Lair:2)
  4 wraiths
  52 yaks
  10 wyverns
  6 basilisks
  3 fire elementals (Volcano)
  2 steam dragons
  9 vampire mosquitoes (D:11)
  2 nagas (Lair:2)
  2 acid dragons
  11 water moccasins
  12 hell hounds
  10 orc warriors
  A sky beast (shapeshifter) (D:12)
  4 ogres
  7 centaurs
  10 wolves
  A kobold brigand (D:7)
  15 bullfrogs
  2 scorpions
  5 wights (D:8)
  17 killer bees
  An electric eel (Lair:2)
  8 howler monkeys
  4 lava snakes (Lair:5)
  3 hounds (D:5)
  9 jellies
  9 orc priests
  Jessica (D:3)
  Ijyb (D:3)
  An iguana (D:5)
  12 orc wizards
  Terence (D:2)
  A mummy (D:3)
  10 gnolls
  5 adders
  2 shadow imps
  An ufetubus (D:5)
  A worm (D:2)
  2 dart slugs
  48 orcs
  8 ball pythons
  4 endoplasms
  A giant cockroach (D:1)
  6 goblins
  3 hobgoblins
  2 quokkas
  5 bats
  A frilled lizard (D:2)
  9 kobolds
  6 rats
  A spectral hobgoblin (D:3)
473 creatures vanquished.

Vanquished Creatures (others)
  50 fungi
  121 plants
  11 toadstools (Lair:1)
182 creatures vanquished.

Grand Total: 655 creatures vanquished

Notes
Turn   | Place    | Note
-------+----------+-------------------------------------------
     0 | D:1      | Johnny the Octopode Ice Elementalist began the quest for
                  | the Orb.
     0 | D:1      | Reached XP level 1. HP: 11/11 MP: 3/3
   147 | D:1      | Reached XP level 2. HP: 18/18 MP: 5/5
   161 | D:1      | Found a faded altar of an unknown god.
   731 | D:2      | Reached XP level 3. HP: 9/22 MP: 4/6
   855 | D:2      | Reached skill level 1 in Fighting
   879 | D:2      | Noticed Terence
   889 | D:2      | Killed Terence
  1074 | D:2      | Reached XP level 4. HP: 18/28 MP: 7/7
  1373 | D:3      | Learned a level 3 spell: Frozen Ramparts
  1377 | D:3      | Learned a level 3 spell: Ozocubu's Armour
  1392 | D:3      | Reached XP level 5. HP: 17/34 MP: 4/9
  1729 | D:3      | Found a snail-covered altar of Cheibriados.
  1885 | D:3      | Noticed Jessica
  1888 | D:3      | Killed Jessica
  1970 | D:3      | Found a hazy altar of Hepliaklqana.
  2065 | D:3      | Noticed Ijyb
  2080 | D:3      | Killed Ijyb
  2345 | D:4      | Reached XP level 6. HP: 28/39 MP: 10/10
  2407 | D:4      | Found a transporter.
  2407 | D:4      | Noticed stil's ghost (amateur DEHu)
  2474 | D:4      | Found a transporter.
  2490 | D:4      | Found a glowing silver altar of Zin.
  2785 | D:4      | Found Damuj's Weapon Shoppe.
  3010 | D:5      | Entered Level 5 of the Dungeon
  3046 | D:5      | Reached skill level 5 in Stealth
  3046 | D:5      | Reached skill level 5 in Ice Magic
  3049 | D:5      | Reached XP level 7. HP: 36/46 MP: 4/11
  4054 | D:6      | Reached XP level 8. HP: 54/54 MP: 7/13
  4334 | D:6      | Found a shimmering altar of Xom.
  4348 | D:6      | Found a stormy altar of Qazlal.
  4410 | D:6      | Reached skill level 5 in Fighting
  4822 | D:7      | Found a staircase to the Ecumenical Temple.
  4829 | Temple   | Entered the Ecumenical Temple
  4880 | Temple   | Became a worshipper of Gozag Ym Sagoz the Greedy
  4981 | D:7      | Reached skill level 6 in Ice Magic
  5397 | D:8      | Found a burning altar of Makhleb.
  5476 | D:8      | Reached XP level 9. HP: 25/62 MP: 5/16
  5634 | D:8      | Reached skill level 5 in Dodging
  5819 | D:8      | Found a staircase to the Lair.
  5866 | D:8      | Reached skill level 5 in Spellcasting
  6011 | D:8      | Found a viscous altar of Jiyva.
  6049 | D:8      | Found a basalt altar of Yredelemnul.
  6382 | D:9      | Reached skill level 7 in Ice Magic
  6382 | D:9      | Reached XP level 10. HP: 57/71 MP: 6/18
  6907 | D:9      | Found a sparkling altar of Nemelex Xobeh.
  7297 | D:10     | Entered Level 10 of the Dungeon
  7393 | D:10     | Found a white marble altar of Elyvilon.
  7438 | D:10     | Noticed Erica
  7453 | D:10     | Killed Erica
  7785 | D:10     | Found Dufud's Assorted Antiques.
  7793 | D:10     | Bought 2 scrolls of identify for 116 gold pieces
  8297 | D:11     | Reached skill level 10 in Stealth
  8297 | D:11     | Noticed a gargoyle
  8298 | D:11     | Reached skill level 8 in Ice Magic
  8298 | D:11     | Reached XP level 11. HP: 66/80 MP: 14/20
  8528 | D:11     | Noticed a two-headed ogre
  8538 | D:11     | Killed a two-headed ogre
  9016 | D:12     | Noticed a cyclops
  9024 | D:12     | Reached skill level 10 in Fighting
  9025 | D:12     | Killed a cyclops
  9292 | D:12     | Learned a level 7 spell: Ozocubu's Refrigeration
  9310 | D:12     | Noticed a two-headed ogre
  9323 | D:12     | Killed a two-headed ogre
  9324 | D:12     | Reached skill level 9 in Ice Magic
  9500 | D:12     | Noticed a boulder beetle
  9501 | D:12     | Noticed a manticore
  9530 | D:12     | Killed a boulder beetle
  9630 | Lair:1   | Entered Level 1 of the Lair of Beasts
  9975 | Lair:1   | Noticed a boulder beetle
  9992 | Lair:1   | Killed a boulder beetle
  9993 | Lair:1   | Reached skill level 10 in Ice Magic
  9993 | Lair:1   | Reached XP level 12. HP: 87/87 MP: 21/23
 10036 | Lair:1   | Noticed an eight-headed hydra
 10047 | Lair:1   | Killed an eight-headed hydra
 10418 | Lair:1   | Noticed a catoblepas
 10505 | Lair:1   | Found a bloodstained altar of Trog.
 10532 | Lair:2   | Noticed a death yak
 10532 | Lair:2   | Noticed a death yak
 10532 | Lair:2   | Noticed a death yak
 10532 | Lair:2   | Noticed a death yak
 10677 | Lair:2   | Found a dark tunnel.
 10683 | Volcano  | Entered a volcano
 10698 | Volcano  | Reached skill level 11 in Ice Magic
 10976 | Volcano  | Reached skill level 12 in Ice Magic
 11276 | Lair:2   | Found a staircase to the Snake Pit.
 11496 | Lair:2   | Reached XP level 13. HP: 92/92 MP: 26/26
 11778 | Lair:2   | Reached skill level 13 in Ice Magic
 12122 | Lair:2   | Reached skill level 10 in Spellcasting
 12706 | Lair:2   | Found a staircase to the Shoals.
 12969 | Lair:3   | Reached skill level 14 in Ice Magic
 12998 | Lair:2   | Bought a green potion for 31 gold pieces
 12998 | Lair:2   | Bought a scroll of magic mapping for 262 gold pieces
 12998 | Lair:2   | Bought a scroll of magic mapping for 262 gold pieces
 12998 | Lair:2   | Bought a scroll of identify for 70 gold pieces
 12998 | Lair:2   | Bought a fuming ruby potion for 31 gold pieces
 12998 | Lair:2   | Bought a scroll labelled RARAF RUMM for 35 gold pieces
 12998 | Lair:2   | Bought a scroll labelled LIVAUD ZUCEON for 35 gold pieces
 13336 | Lair:3   | Identified the +0 chain mail "Atif" {rC+}
 13358 | Lair:3   | Reached skill level 1 in Shields
 15124 | Lair:4   | Reached skill level 15 in Ice Magic
 15124 | Lair:4   | Reached XP level 14. HP: 99/99 MP: 13/28
 15310 | Lair:4   | Found a viscous altar of Jiyva.
 15311 | Lair:4   | Found a staircase to the Slime Pits.
 16470 | Lair:5   | Entered Level 5 of the Lair of Beasts
 17017 | Lair:5   | Found a large runed translucent door.
 17402 | Lair:5   | Found a large runed translucent door.
 17406 | Lair:5   | Reached skill level 5 in Shields
 18067 | Lair:4   | Reached skill level 16 in Ice Magic
 19732 | D:12     | Found a staircase to the Orcish Mines.
 19753 | Orc:1    | Entered Level 1 of the Orcish Mines
 20654 | Orc:2    | Entered Level 2 of the Orcish Mines
 20845 | Orc:2    | Reached XP level 15. HP: 104/106 MP: 30/30
 20852 | Orc:2    | Noticed Jorgrun
 20861 | Orc:2    | Noticed Urug
 20867 | Orc:2    | Killed from afar by Jorgrun

Illustrated notes

Levels and vault maps discovered:
D:1:      reono_arrival_mine, layout_basic,
          shapermc_ecumenical_altar_totnotflames
D:2:      layout_rooms, uniq_terence
D:3:      layout_loops_ring, slow_altar_1,
          nicolae_hepliaklqana_monster_ancestors, st_stairs_2, uniq_jessica,
          uniq_ijyb
D:4:      layout_loops_ring, lemuel_round_altar, gammafunk_ghost_arena,
          serial_shops, nicolae_take_the_stairs
D:5:      layout_basic
D:6:      layout_loops_ring, mainiacjoe_overflow_big_doors, minmay_misc_feat_iff
D:7:      layout_basic, temple_statues, grunt_decor_resistance,
          serial_bayou_ford_a
D:8:      layout_cave_pools, mainiacjoe_overflow_cross_hatched,
          mainiacjoe_overflow_paths, dpeg_oklobed_lair,
          hangedman_abyss_or_decor_clamps, jiyva_altar_1
D:9:      layout_basic, marbit_many_paths
D:10:     layout_roguey, mainiacjoe_overflow_boulevard, serial_shops,
          nicolae_stop_n_shop_1, uniq_erica
D:11:     layout_basic
D:12:     minmay_the_grid_net [minmay_the_grid_all_tris,
          minmay_the_grid_spin_star, minmay_the_grid_broken_lines,
          minmay_the_grid_doors, minmay_the_grid_aliased_spiral,
          minmay_the_grid_prize_shrinking_boxes], layout_stronghold,
          uniq_josephine, uniq_sonja
Temple:   nicolae_temple_ecumenical_triangle
Lair:1:   gammafunk_lair_enchanted_lake, layout_regular_city, basic_altar,
          chequers_serial_rivers_small_b, disabler_island
Lair:2:   layout_layer_cave, elwin_shoals_entry_stream,
          guppyfry_snake_entry_garden, enter_volcano_4, wad_woods_02,
          infiniplex_staircase_pool
Lair:3:   nzn_winding_woodlands_small [nzn_winding_woodlands_5x15_zeroes,
          nzn_winding_woodlands_center_garden,
          nzn_winding_woodlands_5x15_pathside_ponds], layout_gridlike,
          chequers_serial_rivers_small_b, chequers_serial_rivers_small_3
Lair:4:   layout_cave_pods, slime_entry_1, beast_lair_carwin_1
Lair:5:   cheibrodos_lair_end_hotspot, layout_gridlike
Orc:1:    layout_caves
Orc:2:    st_orc_town, layout_diamond_mine, uniq_jorgrun, uniq_erolcha,
          uniq_urug

Skill      XL: |  1  2  3  4  5  6  7  8  9 10 11 12 13 14 |
---------------+-------------------------------------------+-----
Stealth        | 3 4 5 7 8 10 11 | 11.0
Fighting       | 1 2 3 4 5 7 9 10 11 | 11.4
Dodging        | 3 4 5 7 |  7.7
Spellcasting   | 3 4 5 6 7 9 10 11 | 11.8
Ice Magic      | 5 6 7 8 10 12 15 16 | 16.4
Shields        | 3 6 |  6.1

Action                   |  1- 3 |  4- 6 |  7- 9 | 10-12 | 13-15 || total
-------------------------+-------+-------+-------+-------+-------++-------
Melee: Unarmed           |    52 |       |       |       |       ||    52
       Tentacles         |    25 |    19 |    21 |    32 |    70 ||   167
       Constrict         |    22 |    11 |    16 |    13 |    29 ||    91
       Punch             |     1 |     4 |     2 |       |     2 ||     9
       Dagger            |    12 |    71 |    51 |       |       ||   134
       Short sword       |       |       |    46 |   129 |   240 ||   415
 Cast: Freeze            |     9 |     2 |    18 |    77 |    19 ||   125
       Frozen Ramparts   |       |     5 |    16 |    47 |    13 ||    81
       Ozocubu's Armour  |       |     2 |     6 |    39 |    17 ||    64
       Ozocubu's Refrige |       |       |       |       |   106 ||   106
Invok: Call Merchant     |       |       |       |     1 |     1 ||     2
Evoke: Wand              |       |       |    15 |    42 |    13 ||    70
  Use: Scroll            |       |       |     4 |    12 |     4 ||    20
       Potion            |       |       |       |     1 |     1 ||     2
 Stab: Sleeping          |     8 |     9 |     6 |     4 |    11 ||    38
       Distracted        |       |       |     1 |     2 |     2 ||     5
       Paralysed         |       |       |       |    10 |     3 ||    13
Armor: Skin              |     7 |    10 |    25 |    80 |    56 ||   178
Dodge: Dodged            |    35 |    37 |    77 |   206 |   186 ||   541
Block: Other             |       |     2 |    24 |    64 |    25 ||   115
       Reflection        |       |       |     1 |       |     1 ||     2
       Buckler           |       |       |       |       |    79 ||    79

Table legend: (Time is in decaauts)
 A = Elapsed time spent in this place.
 B = Non-inter-level travel time spent in this place.
 C = Inter-level travel time spent in this place.
 D = Time resting spent in this place.
 E = Time spent auto-exploring this place.
 F = Levels seen in this place.
 G = Mean time per level.
                   A        B        C        D        E       F      G
               +--------+--------+--------+--------+--------+-----+--------+
         Total |  20889 |  20152 |    737 |   4708 |  11715 |  21 |  994.7 |
       Dungeon |  10293 |   9862 |    431 |   1516 |   6578 |  12 |  857.8 |
        Temple |     60 |     38 |     22 |      0 |     31 |   1 |   60.0 |
          Lair |   8998 |   8726 |    272 |   2762 |   4406 |   5 | 1799.6 |
  Orcish Mines |   1114 |   1102 |     12 |    278 |    631 |   2 |  557.0 |
       Volcano |    422 |    422 |      0 |    152 |     69 |   1 |  422.0 |
               +--------+--------+--------+--------+--------+-----+--------+

Top non-repeatable levels by time:
  Lair:5: 2370 daAuts
  Lair:3: 2194 daAuts
  Lair:2: 2133 daAuts
  Lair:4: 1527 daAuts
    D:12: 1136 daAuts
     D:9: 1110 daAuts
     D:8: 1034 daAuts
    D:10: 999 daAuts
     D:3: 953 daAuts
   Orc:1: 901 daAuts
     D:6: 887 daAuts
     D:5: 803 daAuts
  Lair:1: 772 daAuts
     D:2: 696 daAuts
     D:4: 694 daAuts
